 Dungeon Crawl Stone Soup version 0.20.1-1-g8b1a95d (webtiles) character file.

579 dvd the Quickloader (level 7, -1/43 HPs)
             Began as a Kobold Hunter on Sept 19, 2017.
             Slain by a centaur (7 damage)
             ... on level 4 of the Dungeon.
             The game lasted 00:08:04 (4533 turns).

dvd the Quickloader (Kobold Hunter)                 Turns: 4533, Time: 00:08:05

Health: -1/43      AC: 10    Str: 12    XL:     7   Next: 63%
Magic:  7/7        EV: 12    Int: 12    God:
Gold:   209        SH:  0    Dex: 15    Spells: 6/6 levels left

rFire    . . .     SeeInvis .   b - +0 short sword
rCold    + . .     Gourm    .   (shield restricted)
rNeg     . . .     Faith    .   p - +2 scale mail {rC+}
rPois    .         Spirit   .   (no helmet)
rElec    .         Reflect  .   u - +0 cloak
rCorr    .         Harm     .   (no gloves)
MR       .....                  t - +0 pair of boots
Stlth    +.........             (no amulet)
Regen    0.2/turn               (no ring)
MPRegen  0.1/turn               (no ring)

@: no status effects
A: carnivore 3
a: no special abilities


You were on level 4 of the Dungeon.
You were very full.

You visited 1 branch of the dungeon, and saw 4 of its levels.

You collected 209 gold pieces.

Inventory:

Hand Weapons
 a - a +1 hand crossbow
 b - a +0 short sword (weapon)
Missiles
 d - 47 bolts
Armour
 p - a +2 scale mail of cold resistance (worn)
 t - a +0 pair of boots (worn)
 u - a +0 cloak (worn)
Scrolls
 c - a scroll of recharging {unknown}
 e - a scroll of enchant armour {unknown}
 g - 3 scrolls of remove curse {unknown}
 h - 9 scrolls of identify {unknown}
 k - a scroll of blinking {unknown}
 l - a scroll of fear {unknown}
 o - 4 scrolls of teleportation {unknown}
 v - a scroll of amnesia {unknown}
Potions
 i - a potion of curing
 j - 2 potions of invisibility {unknown}
 m - a potion of heal wounds {unknown}
 n - a potion of flight {unknown}
 q - a potion of resistance {unknown}
 s - a potion of magic {unknown}
Comestibles
 f - 2 meat rations
 r - 3 royal jellies


   Skills:
 + Level 4.1 Fighting
 + Level 2.9 Short Blades
 + Level 8.0 Crossbows
 + Level 2.1 Armour
 + Level 3.2 Dodging
 + Level 1.7 Stealth


You had 6 spell levels left.
You didn't know any spells.

Dungeon Overview and Level Annotations

Branches:
Dungeon (4/15)
 Temple: D:4-7

Altars:
Makhleb
Xom

Annotations:
D:4 1 runed door


Innate Abilities, Weirdness & Mutations

You are small and have problems with some larger weapons.
You are carnivorous and can eat meat at any time.


Message History

The centaur hits you but does no damage.
Wield which item (- for none, * to show all)? (? for menu, Esc to quit)
b - a +0 short sword (weapon)
The centaur closely misses you.
You feel better. The centaur barely misses you. The centaur hits you.
You hit the centaur but do no damage.
The centaur is moderately wounded.
The centaur hits you.
* * * LOW HITPOINT WARNING * * *
You barely miss the centaur.
The centaur is moderately wounded.
The centaur hits you but does no damage. x2
You hit the centaur.
The centaur is heavily wounded.
The centaur hits you.
* * * LOW HITPOINT WARNING * * *
You hit the centaur.
The centaur is severely wounded.
The centaur hits you!
You die...

........................
.......................#
......................#
#..........##........#
##..###...####......# .
#...).....# ##.....##..
#.........# #((>.....#
..........# ##(.....##
..###.....# #@.....# .##
#.....# #c.###...# ###
..##.... #.(# ..#
>.#..## #.... ..## ..
....# #.....# . ...##
.(. ...# .... ...# ...##
....#


You could see a centaur.

Vanquished Creatures
  Sigmund (D:3)
  An ogre (D:4)
  2 scorpions (D:4)
  A hound (D:4)
  A bullfrog skeleton (D:3)
  A centaur skeleton (D:4)
  4 gnolls (D:4)
  4 adders
  An ooze (D:1)
  A worm (D:2)
  4 dart slugs
  A leopard gecko (D:2)
  4 orcs (D:3)
  A ball python (D:2)
  A giant cockroach (D:2)
  8 goblins
  10 hobgoblins
  5 jackals
  7 kobolds
  2 quokkas
  9 bats
  8 frilled lizards
  8 rats
85 creatures vanquished.

Notes
Turn   | Place    | Note
-------+----------+-------------------------------------------
     0 | D:1      | dvd the Kobold Hunter began the quest for the Orb.
     0 | D:1      | Reached XP level 1. HP: 12/12 MP: 1/1
    71 | D:1      | Reached skill level 5 in Crossbows
    96 | D:1      | Reached XP level 2. HP: 2/17 MP: 2/2
   739 | D:1      | Reached XP level 3. HP: 22/22 MP: 3/3
  1534 | D:2      | Reached XP level 4. HP: 27/27 MP: 4/4
  1535 | D:2      | Reached skill level 6 in Crossbows
  1702 | D:2      | Found a burning altar of Makhleb.
  2181 | D:3      | Noticed Sigmund
  2580 | D:3      | Reached XP level 5. HP: 22/32 MP: 5/5
  2769 | D:3      | Killed Sigmund
  2769 | D:3      | Reached skill level 1 in Short Blades
  2769 | D:3      | Reached skill level 7 in Crossbows
  2769 | D:3      | Reached skill level 1 in Armour
  2769 | D:3      | Reached XP level 6. HP: 36/37 MP: 6/6
  3368 | D:3      | Found a shadowy altar of Dithmenos.
  3371 | D:3      | Found a shimmering altar of Xom.
  3371 | D:3      | Found a glowing golden altar of the Shining One.
  3373 | D:3      | Found a basalt altar of Yredelemnul.
  3373 | D:3      | Found a bloodstained altar of Trog.
  3373 | D:3      | Found a sparkling altar of Nemelex Xobeh.
  3874 | D:4      | Found a runed door.
  3902 | D:4      | Reached XP level 7. HP: 42/42 MP: 7/7
  4381 | D:4      | Reached skill level 8 in Crossbows
  4533 | D:4      | Slain by a centaur

Skill      XL: |  1  2  3  4  5  6  7 |
---------------+----------------------+-----
Crossbows      | 5 6 7 8 |  8.0
Fighting       | 3 4 |  4.1
Short Blades   | 1 2 |  2.9
Armour         | 1 2 |  2.1
Dodging        | 3 |  3.2
Stealth        | |  1.7

Action                   |  1- 3 |  4- 6 |  7- 9 || total
-------------------------+-------+-------+-------++-------
Melee: Short sword       |    23 |   122 |    32 ||   177
 Fire: Hand crossbow     |    55 |    76 |    27 ||   158
  Use: Potion            |       |     2 |     1 ||     3
  Eat: Chunk             |     6 |    11 |     2 ||    19
Armor: Leather armour    |     4 |       |       ||     4
       Scale mail        |     2 |    65 |    17 ||    84
Dodge: Dodged            |    26 |    97 |    49 ||   172
